Map: Efflorescence LE

Players

mxp

  • Race: Terran Terran
  • League: Platinum
  • Spawn Location: 6:00

Toss

  • Race: Zerg Zerg
  • Spawn Location: 9:00

qqq - Winner!

  • Race: Protoss Protoss
  • Spawn Location: 3:00

Massa - Winner!

  • Race: Terran Terran
  • Spawn Location: 12:00

VOD

Have the link to the VOD?

Description

Time

  • Played on: June 20, 2020, 5:09 p.m.
  • Length: 20:25
Show
View Real Time Build Order
Export as new Build Order

mxp Terran 

Build Orders: Reaper Expand 

Get SALT Encoding   

  12  0:01  SCV  
  13  0:17  Supply Depot  
  13  0:18  SCV  
  14  0:30  SCV  
  15  0:40  Barracks  
  15  0:46  Refinery  
  15  0:47  SCV  
  16  0:59  SCV  
  17  1:12  SCV  
  18  1:26  Orbital Command  
  18  1:44  Command Center  
  18  1:50  Reaper  
  18  1:54  SCV  
  20  2:06  SCV  
  21  2:19  SCV  
  22  2:23  Refinery  
  22  2:24  Marine  
  22  2:26  Supply Depot  
  23  2:34  Factory  
  23  2:43  SCV  
  23  2:47  Marine  
  24  2:55  SCV  
  25  3:01  Supply Depot  
  25  3:04  Orbital Command  
  25  3:09  Marine  
  26  3:17  Factory Tech Lab  
  26  3:21  SCV  
  27  3:31  Starport  
  29  3:44  Siege Tank  
  29  3:47  SCV  
  29  3:48  SCV  
  32  3:54  Marine  
  33  3:59  SCV  
  34  4:15  SCV  
  34  4:16  SCV  
  34  4:17  Siege Tank  
  38  4:30  Liberator  
  41  4:33  SCV  
  42  4:39  Barracks x2, Engineering Bay  
  42  4:40  Engineering Bay  
  42  4:43  SCV  
  42  4:45  SCV  
  44  5:01  Marine  
  44  5:06  SCV  
  47  5:07  SCV  
  47  5:19  Marine  
  48  5:25  Liberator  
  48  5:28  Marine  
  49  5:36  Marine  
  49  5:39  SCV  
  49  5:40  SCV  
  52  5:46  Marine  
  47  5:54  Marine  
  47  5:57  SCV x2  
  49  6:03  Barracks Tech Lab  
  50  6:09  SCV x2  
  52  6:15  Supply Depot  
  52  6:16  Barracks Tech Lab  
  52  6:17  Starport Reactor, Siege Tank  
  55  6:18  Barracks Reactor  
  55  6:21  SCV x2  
  57  6:36  Stimpack  
  57  6:49  Siege Tank  
  60  7:00  Liberator  
  63  7:03  SCV  
  64  7:09  Refinery x2  
  64  7:12  Barracks  
  64  7:13  Barracks  
  64  7:20  Marine x2  
  64  7:21  Marauder  
  68  7:36  Supply Depot  
  68  7:38  Marine, Supply Depot x2  
  68  7:43  Marine  
  70  7:48  Supply Depot x2  
  70  7:57  SCV x2, Marauder x2, Marine  
  70  7:58  Terran Infantry Armor Level 1, Terran Infantry Weapons Level 1  
  77  8:00  Marine  
  78  8:10  Supply Depot  
  77  8:15  Marine  
  77  8:19  Marauder x2  
  82  8:25  Marine  
  79  8:32  Marine  
  72  8:40  Marine x2  
  66  8:43  Marine  
  65  8:49  Liberator x2  
  65  8:50  Marine  
  72  8:57  Marine  
  72  8:58  Marauder  
  72  9:00  Marine x2  
  72  9:01  Marine  
  78  9:08  Marine  
  77  9:16  Marauder  
  79  9:18  Marine  
  79  9:19  Marauder  
  83  9:24  Barracks Reactor  
  83  9:26  Barracks Reactor, Marine  
  83  9:27  Combat Shield  
  83  9:28  Concussive Shells  
  80  9:33  Command Center, Siege Tank  
  80  9:36  Marine  
  80  9:37  Marine  
  88  9:41  Marauder  
  88  9:44  Marine  
  91  9:45  Supply Depot  
  91  9:46  Supply Depot  
  91  9:47  SCV x2  
  91  9:49  Supply Depot  
  91  9:52  Medivac x2  
  94  9:54  Marine x2  
  96  10:02  Marauder, Marine  
  96  10:05  Siege Tank  
  99  10:22  Marine, Medivac  
  99  10:23  Marine x7  
  109  10:35  SCV x2  
  111  10:38  Barracks x2  
  111  10:40  Marine x2  
  111  10:41  Armory, Marauder  
  115  10:45  Orbital Command  
  115  10:55  SCV  
  115  10:56  SCV  
  117  10:57  Supply Depot  
  117  11:02  Supply Depot  
  117  11:03  Marine  
  118  11:04  Marauder, Marine x2  
  118  11:05  Marauder, Marine  
  118  11:06  Siege Tank  
  128  11:12  Supply Depot  
  127  11:27  Supply Depot  
  127  11:30  Refinery  
  127  11:31  Barracks Tech Lab  
  127  11:36  Barracks  
  127  11:38  Siege Tank  
  130  11:41  SCV x3  
  130  11:43  Missile Turret  
  132  11:53  SCV x2, Marine x2  
  132  11:54  Marauder x2, Marine x3  
  138  11:55  Marauder  
  145  12:02  Barracks  
  145  12:03  Missile Turret  
  145  12:06  SCV x3, Barracks  
  148  12:10  Siege Tank  
  130  12:25  Marine  
  130  12:26  Marine x3  
  130  12:27  Marauder x2, Marine  
  130  12:28  Marauder, Marine  
  138  12:38  Liberator x2  
  138  12:41  SCV  
  138  12:42  SCV x2  
  147  12:46  Refinery, Barracks Reactor  
  147  12:48  Marauder x2  
  150  13:01  Barracks Reactor  
  150  13:02  Barracks Reactor  
  150  13:03  Marine x7  
  150  13:04  Starport  
  150  13:05  Terran Infantry Armor Level 2, Terran Infantry Weapons Level 2  
  157  13:09  Marine, Terran Ship Weapons Level 1  
  157  13:10  Marauder  
  138  13:35  Marine x3  
  138  13:36  Marauder, Marine x7  
  148  13:48  Siege Tank  
  148  13:50  Viking x2  
  148  13:53  Marine x3  
  148  13:54  Marauder x2  
  162  13:56  SCV x2  
  164  14:20  Viking, Siege Tank  
  169  14:29  Starport Reactor  
  169  14:37  Command Center  
  169  14:51  Marine  
  169  14:52  Marine x3  
  174  14:53  Marauder x2, Marine  
  174  14:55  Supply Depot  
  174  14:57  Supply Depot  
  174  14:58  Supply Depot  
  178  15:00  Supply Depot  
  178  15:01  Supply Depot  
  178  15:04  Missile Turret  
  178  15:10  Missile Turret  
  178  15:14  Missile Turret  
  175  15:16  Missile Turret  
  172  15:31  Marine  
  172  15:32  Viking  
  172  15:33  Viking x3  
  168  15:46  Thor  
  174  15:54  Orbital Command  
  170  16:13  Refinery  
  170  16:15  Refinery  
  169  16:38  Marine  
  170  16:40  Viking x3  
  170  16:41  Marine x3  
  170  16:42  Marauder x2  
  170  16:43  SCV x2  
  181  16:55  Marine  
  181  16:57  Marine  
  181  16:58  Marauder, Marine  
  177  17:03  Marauder  
  177  17:04  SCV x2  
  177  17:05  Terran Ship Weapons Level 2  
  176  17:10  Armory  
  168  17:25  Orbital Command  
  162  17:38  Viking  
  162  17:39  Viking x3  
  169  17:56  Thor  
  170  18:04  Factory  
  170  18:08  Viking  
  170  18:09  Viking x3  
  151  18:38  Marine x7, Viking  
  151  18:39  Marauder x2, Marine, Thor  
  155  18:42  Marine  
  155  18:43  Marine x4  
  155  18:45  Viking x2  
  155  18:55  Marine  
  155  18:56  Marine x5  
  155  18:58  Marine  
  155  19:00  Marauder  
  159  19:08  Viking  
  155  19:15  Viking  
  151  19:21  Marine x2, Thor  
  151  19:22  Marine x2  
  151  19:23  Barracks Reactor, Marauder x2, Marine  
  139  19:42  Factory Tech Lab  
  116  20:10  Starport  
  116  20:13  Starport  
Show
View Real Time Build Order
Export as new Build Order

Toss Zerg 

Build Orders: Pool First 

Get SALT Encoding   

  12  0:01  Drone  
  13  0:12  Overlord  
  13  0:17  Drone  
  14  0:31  Drone x2  
  16  0:38  Drone  
  17  0:46  Drone  
  18  0:58  Spawning Pool  
  17  1:10  Extractor  
  16  1:21  Hatchery  
  15  1:33  Drone  
  15  1:34  Drone x2  
  18  1:51  Zergling x2  
  18  1:53  Queen  
  21  1:57  Overlord  
  21  2:25  Metabolic Boost  
  21  2:26  Spine Crawler  
  21  2:28  Drone x3  
  23  2:35  Queen  
  25  2:38  Drone  
  25  2:41  Drone  
  25  2:42  Queen  
  29  2:56  Spine Crawler  
  28  3:03  Baneling Nest  
  27  3:08  Drone x3  
  30  3:15  Drone x2  
  32  3:30  Overlord  
  32  3:31  Zergling x8  
  35  4:08  Zergling x6  
  35  4:09  Zergling x6  
  41  4:29  Zergling x4  
  43  4:35  Overlord  
  43  4:38  Overlord  
  43  4:49  Spine Crawler  
  30  5:03  Zergling x8  
  34  5:13  Zergling x4  
  34  5:14  Zergling x6  
  31  5:30  Zergling x8  
  33  5:41  Zergling x2  
  26  5:44  Zergling x2  
  27  5:50  Zergling x2  
  29  5:57  Zergling x2  
  29  5:58  Baneling  
  29  5:59  Drone, Baneling x2  
  29  6:03  Drone  
  31  6:04  Queen  
  31  6:09  Drone  
  34  6:20  Drone x2  
  35  6:31  Zergling x8  
  39  6:40  Zergling x4  
  39  6:41  Spine Crawler  
  39  6:42  Spine Crawler  
  39  6:47  Overlord  
  39  6:51  Drone  
  40  6:58  Overlord  
  40  7:03  Drone x3  
  42  7:08  Overlord  
  42  7:11  Baneling x4  
  42  7:14  Lair  
  42  7:18  Extractor  
  42  7:19  Drone x2  
  43  7:26  Overlord  
  43  7:27  Drone x3  
  46  7:35  Drone x2  
  48  7:47  Drone  
  48  7:48  Drone  
  50  7:59  Extractor, Drone x2  
  50  8:02  Extractor  
  44  8:22  Zergling x10  
  44  8:23  Zergling x6  
  47  8:29  Zergling x4  
  43  8:46  Baneling x3  
  43  8:47  Baneling x2  
  33  9:20  Drone x2  
  33  9:21  Drone x4  
  37  9:44  Spawning Pool  
  36  9:49  Overlord  
  36  9:51  Spire  
  35  9:53  Drone x3  
  35  9:54  Drone x2  
  40  10:02  Drone x3  
  43  10:11  Overlord  
  43  10:17  Hydralisk Den  
  43  10:18  Overlord  
  42  10:34  Evolution Chamber  
  41  10:36  Evolution Chamber  
  40  10:47  Roach Warren  
  40  10:49  Baneling Nest  
  38  10:52  Grooved Spines, Hydralisk x6  
  38  10:53  Hydralisk x3  
  56  11:05  Hydralisk x2  
  56  11:08  Zerg Missile Weapons Level 1  
  56  11:10  Zerg Ground Armor Level 1  
  60  11:13  Hatchery  
  60  11:17  Hydralisk x2  
  63  11:30  Zergling x4  
  65  11:39  Zergling x4  
  67  11:47  Hydralisk  
  67  11:49  Mutalisk  
  67  11:54  Baneling x4  
  71  12:07  Muscular Augments  
  71  12:10  Centrifical Hooks  
  71  12:15  Hydralisk x4  
  71  12:16  Hydralisk  
  81  12:33  Zergling x8  
  85  12:40  Overlord  
  85  12:45  Mutalisk  
  85  12:46  Mutalisk x3  
  93  12:56  Zergling x2  
  93  12:57  Zergling x8  
  57  13:41  Hydralisk x7  
  53  13:42  Hydralisk  
  53  13:44  Drone x3  
  72  14:07  Zerg Missile Weapons Level 2  
  72  14:09  Hatchery  
  71  14:11  Zerg Ground Armor Level 2  
  71  14:13  Zergling x2  
  71  14:16  Zergling x2  
  73  14:19  Drone x2  
  75  14:32  Overlord  
  75  14:33  Zergling x2  
  75  14:34  Zergling x4  
  78  15:03  Hydralisk x2  
  78  15:05  Zergling x6  
  85  15:09  Baneling  
  85  15:10  Baneling  
  60  15:41  Zergling x14  
  60  15:48  Corruptor x2  
  64  15:56  Drone x3  
  67  16:06  Corruptor x3  
  73  16:17  Lurker Den  
  73  16:18  Drone x3  
  69  16:36  Corruptor x3  
  72  16:41  Drone x3  
  72  16:46  Extractor  
  74  16:47  Drone x3  
  74  16:50  Extractor  
  76  16:57  Drone x3  
  79  17:13  Corruptor x3  
  75  17:50  Hydralisk x5  
  75  17:51  Hydralisk x4  
Show
View Real Time Build Order
Export as new Build Order

qqq Protoss - Winner!

Build Orders: 1 Gate Expand 

Get SALT Encoding   

  12  0:03  Probe  
  13  0:30  Probe, Pylon  
  14  0:42  Probe  
  15  0:49  Gateway  
  15  0:51  Pylon  
  15  0:54  Probe  
  16  1:06  Probe  
  17  1:24  Nexus  
  17  1:38  Probe  
  18  1:44  Cybernetics Core  
  18  1:47  Assimilator  
  18  1:51  Probe  
  18  1:52  Assimilator  
  19  2:04  Pylon  
  19  2:12  Zealot  
  21  2:23  Gateway  
  21  2:35  Robotics Facility  
  21  2:39  Probe  
  22  2:48  Probe, Stalker  
  24  2:56  Probe  
  26  3:05  Probe  
  27  3:16  Stalker  
  27  3:18  Probe, Stalker  
  32  3:46  Probe, Stalker  
  32  3:47  Stalker  
  37  3:58  Probe, Immortal  
  42  4:08  Stalker  
  42  4:10  Probe  
  42  4:16  Stalker  
  47  4:39  Stalker  
  49  4:46  Stalker  
  45  5:05  Immortal  
  49  5:09  Stalker  
  49  5:31  Stalker  
  51  5:38  Pylon  
  51  5:39  Immortal, Stalker  
  51  5:40  Pylon  
  51  5:42  Pylon  
  45  5:58  Probe  
  45  6:03  Stalker  
  48  6:10  Probe  
  49  6:11  Stalker  
  49  6:13  Immortal  
  55  6:22  Probe  
  56  6:33  Stalker  
  56  6:35  Probe  
  59  6:47  Probe  
  60  6:52  Stalker  
  60  6:53  Immortal  
  65  6:59  Probe  
  62  7:03  Stalker  
  62  7:04  Pylon  
  63  7:25  Stargate  
  63  7:42  Assimilator  
  63  7:45  Probe  
  63  7:47  Probe, Assimilator  
  65  7:51  Sentry  
  65  7:56  Zealot  
  65  7:57  Probe  
  70  7:59  Probe  
  71  8:09  Probe  
  52  8:40  Stalker  
  48  8:41  Stalker  
  48  8:46  Immortal  
  43  9:03  Stalker  
  41  9:31  Probe  
  41  9:33  Stalker  
  41  9:38  Phoenix  
  46  9:39  Probe  
  46  9:42  Probe  
  48  9:48  Probe  
  49  9:53  Forge  
  49  9:54  Probe  
  50  10:00  Probe  
  50  10:02  Nexus  
  50  10:06  Probe  
  52  10:08  Probe  
  52  10:14  Phoenix  
  55  10:16  Probe  
  55  10:18  Probe  
  57  10:27  Probe  
  57  10:30  Probe  
  59  10:39  Probe, Phoenix  
  59  10:42  Probe  
  63  10:46  Stalker x2  
  67  10:51  Probe  
  67  10:54  Probe  
  69  10:57  Protoss Air Weapons Level 1  
  69  10:58  Pylon  
  69  11:03  Probe, Pylon  
  69  11:04  Phoenix  
  72  11:09  Pylon  
  72  11:20  Stalker  
  74  11:29  Phoenix  
  76  11:50  Stalker  
  76  11:51  Stalker  
  76  11:53  Immortal  
  70  12:31  Stalker  
  72  12:41  Fleet Beacon  
  72  12:42  Stargate  
  72  12:44  Stargate  
  72  12:47  Stargate  
  72  12:50  Pylon  
  73  12:51  Probe  
  73  12:53  Pylon  
  73  12:55  Assimilator  
  73  12:56  Pylon  
  73  12:59  Assimilator  
  73  13:01  Photon Cannon  
  73  13:03  Probe  
  74  13:06  Photon Cannon x2  
  74  13:09  Photon Cannon  
  74  13:15  Probe  
  75  13:27  Probe  
  75  13:29  Tempest  
  75  13:30  Tempest x2  
  85  13:39  Probe  
  74  13:46  Photon Cannon  
  70  13:51  Tempest, Probe  
  76  14:04  Probe  
  77  14:12  Tempest  
  77  14:16  Probe  
  83  14:17  Protoss Air Armor Level 1  
  83  14:18  Tempest  
  88  14:28  Probe  
  88  14:30  Tempest  
  94  14:40  Probe  
  95  14:50  Nexus  
  95  14:52  Probe  
  96  14:55  Tempest  
  107  15:07  Carrier  
  101  15:47  Tempest, Carrier  
  101  15:48  Carrier  
  118  15:54  Zealot  
  120  16:00  Pylon  
  120  16:05  Pylon  
  120  16:07  Probe  
  127  16:11  Carrier  
  127  16:20  Probe  
  128  16:28  Probe  
  127  16:35  Photon Cannon  
  127  16:36  Probe  
  127  16:38  Photon Cannon  
  127  16:41  Photon Cannon  
  127  16:43  Pylon  
  127  16:46  Probe  
  129  16:57  Protoss Air Weapons Level 2  
  129  16:58  Probe  
  130  17:10  Probe  
  130  17:12  Nexus  
  119  17:54  Tempest x2  
  119  17:55  Tempest, Carrier  
  140  18:04  Probe  
  141  18:16  Probe  
  142  18:28  Probe  
  143  18:37  Tempest  
  143  18:40  Probe  
  149  18:52  Probe  
  127  19:53  Probe x2  
  137  20:05  Probe x2  
Show
View Real Time Build Order
Export as new Build Order

Massa Terran - Winner!

Build Orders:  

Get SALT Encoding   

  12  0:13  SCV, Supply Depot  
  13  0:26  SCV  
  14  0:38  Barracks  
  14  0:41  SCV  
  15  0:53  SCV  
  16  1:05  SCV  
  17  1:17  SCV  
  18  1:29  SCV  
  19  1:41  SCV  
  20  1:52  Barracks  
  20  1:54  Refinery  
  20  2:05  Barracks  
  20  2:09  Barracks  
  20  2:14  Supply Depot  
  20  2:18  Marine  
  21  2:36  Marine  
  22  2:45  Supply Depot  
  22  2:49  Marine  
  23  2:53  Orbital Command, Marine  
  24  2:58  Marine  
  25  3:07  Marine  
  25  3:11  Marine  
  27  3:16  Marine  
  28  3:24  Marine x2  
  30  3:29  Marine, Supply Depot  
  31  3:34  Marine  
  32  3:42  Marine x2  
  32  3:47  Marine  
  35  3:52  Marine  
  36  3:59  Engineering Bay, Marine  
  36  4:00  Marine  
  36  4:01  Command Center  
  38  4:05  Marine  
  39  4:10  Marine  
  40  4:17  Marine  
  40  4:18  Marine  
  39  4:42  Marine x2  
  39  4:43  Marine x2  
  39  4:45  SCV  
  44  4:57  SCV  
  43  5:00  Marine  
  42  5:09  SCV  
  43  5:21  SCV  
  42  5:33  SCV  
  39  5:46  Marine x4  
  34  6:04  Marine x4  
  38  6:14  Missile Turret  
  38  6:15  Command Center  
  38  6:17  Refinery  
  38  6:18  Terran Infantry Weapons Level 1  
  38  6:21  Orbital Command, Marine  
  38  6:22  Marine x3  
  42  6:27  Factory  
  42  6:28  SCV  
  43  6:34  Missile Turret  
  43  6:39  Marine  
  44  6:40  Marine x3  
  44  6:41  SCV  
  48  6:53  SCV  
  49  6:54  Missile Turret  
  49  6:57  Marine x2  
  51  7:05  SCV  
  52  7:13  Missile Turret  
  52  7:14  Missile Turret  
  52  7:17  Barracks Tech Lab  
  52  7:18  Marine x3  
  55  7:25  SCV x2  
  55  7:26  SCV  
  58  7:35  Marine, Missile Turret x2  
  58  7:36  Marine x2, Stimpack  
  61  7:37  SCV x2  
  61  7:38  SCV  
  61  7:39  Marauder  
  66  7:49  SCV x2  
  66  7:50  SCV  
  69  7:51  Factory Tech Lab  
  69  7:53  Marine x2  
  69  7:54  Marine  
  69  7:56  Starport  
  72  8:00  Marauder  
  72  8:01  SCV  
  72  8:02  SCV  
  72  8:03  SCV  
  58  9:06  SCV  
  58  9:07  SCV  
  61  9:11  Orbital Command  
  56  9:18  SCV  
  56  9:19  SCV  
  56  9:22  Marine  
  56  9:23  Marauder, Marine  
  56  9:24  Marine  
  56  9:26  Siege Tank  
  56  9:30  SCV  
  59  9:31  SCV  
  59  9:33  Refinery  
  59  9:34  Medivac  
  59  9:37  Refinery  
  62  9:40  Marine  
  62  9:41  Marine x2  
  62  9:42  SCV  
  62  9:43  SCV  
  62  9:44  Marauder  
  69  9:54  SCV, Command Center  
  69  9:58  Marine, Siege Tank  
  69  9:59  Marine x2  
  76  10:16  Marine  
  76  10:19  Missile Turret  
  76  10:20  Missile Turret  
  77  10:22  Missile Turret  
  77  10:26  Supply Depot  
  77  10:27  Supply Depot  
  77  10:29  Supply Depot  
  77  10:30  Supply Depot  
  77  10:43  Missile Turret  
  77  10:48  SCV x3, Marine x2, Medivac  
  77  10:49  Marauder  
  87  10:51  Barracks Tech Lab  
  87  10:52  Combat Shield  
  86  10:57  Supply Depot  
  86  10:58  Supply Depot  
  86  10:59  Supply Depot x2  
  86  11:00  SCV x3  
  89  11:06  Marine x2  
  89  11:07  Supply Depot  
  89  11:10  Marauder  
  93  11:12  SCV x3  
  93  11:15  Missile Turret  
  91  11:23  Marine  
  91  11:24  SCV x3, Supply Depot  
  95  11:26  Supply Depot  
  95  11:28  Supply Depot  
  95  11:31  Marauder x2, Marine  
  100  11:35  Missile Turret, Siege Tank  
  100  11:36  SCV x2  
  105  11:41  Marine  
  105  11:42  Medivac  
  108  11:47  Orbital Command  
  108  11:49  SCV x3, Marine  
  108  11:53  Marauder x2  
  116  11:56  Missile Turret  
  116  12:01  SCV x3  
  118  12:02  Command Center  
  118  12:07  Marine, Siege Tank  
  122  12:12  Barracks Tech Lab, Medivac  
  122  12:13  SCV x3  
  122  12:14  Marauder x2, Concussive Shells  
  130  12:17  Missile Turret  
  127  12:24  Marine  
  127  12:25  SCV  
  129  12:35  Marauder x2  
  129  12:36  Marauder  
  135  12:38  Missile Turret  
  135  12:41  Barracks  
  135  12:42  Barracks, Marine, Medivac  
  138  12:56  Marauder  
  138  12:57  Marauder x2  
  135  13:18  Marauder x3  
  131  13:30  Factory  
  131  13:32  Factory  
  107  13:39  Marauder  
  107  13:40  Marauder x2  
  102  13:42  Barracks Reactor, Barracks Tech Lab  
  102  13:44  Marine  
  102  13:46  Siege Tank  
  106  13:53  Missile Turret  
  106  13:55  Refinery  
  106  13:57  SCV  
  106  13:58  SCV x3  
  106  14:00  Marauder  
  106  14:01  Orbital Command, Marauder x2  
  106  14:02  Marine  
  117  14:06  Missile Turret  
  117  14:07  Missile Turret  
  117  14:09  Missile Turret  
  118  14:10  SCV x4  
  118  14:12  Missile Turret  
  118  14:15  Marauder  
  123  14:18  Siege Tank  
  123  14:19  Factory Tech Lab  
  123  14:20  Factory Tech Lab, Marine  
  123  14:21  Command Center  
  123  14:22  SCV x4, Marauder x2  
  123  14:23  Marauder  
  137  14:30  Missile Turret  
  137  14:32  Missile Turret  
  137  14:34  SCV x4  
  137  14:37  Marauder, Marine  
  137  14:38  Armory  
  144  14:40  Engineering Bay  
  144  14:43  Marauder, Marine  
  144  14:44  Marauder  
  148  14:46  SCV x4  
  148  14:50  Siege Tank  
  150  14:55  Marine  
  150  14:57  Medivac  
  150  14:58  SCV x4, Marauder  
  155  15:00  SCV  
  155  15:01  Marine  
  155  15:04  Marine  
  155  15:05  Marauder  
  159  15:08  Armory  
  159  15:10  SCV x4  
  163  15:22  Siege Tank  
  163  15:26  Medivac  
  134  15:41  Marauder x3  
  134  15:42  Marauder, Marine x3  
  142  15:53  Refinery  
  142  15:56  Medivac  
  142  15:57  Refinery  
  144  16:00  Marine x3  
  144  16:02  Marauder  
  144  16:03  Marauder x3  
  154  16:11  Command Center  
  153  16:18  Marine x3  
  153  16:20  Missile Turret  
  153  16:24  Marauder x4  
  163  16:33  Terran Infantry Weapons Level 2  
  163  16:34  Terran Infantry Armor Level 1  
  163  16:35  Marine  
  163  16:36  Marine x2  
  163  16:39  Missile Turret  
  166  16:45  Marauder  
  166  16:46  Marauder x3  
  172  16:53  Marine  
  172  16:54  Marine x2  
  165  17:06  Marauder, Marine x2  
  165  17:07  Marine  
  168  17:11  Marine  
  169  17:19  Marine x2  
  171  17:24  Thor  
  171  17:25  Marauder x3, Thor  
  171  17:28  Marauder  
  171  17:29  Marine  
  192  17:32  Refinery  
  192  17:37  Marine x2  
  192  17:39  Refinery  
  194  17:46  Marauder, Marine x2  
  194  17:47  Marine  
  194  17:49  Marine  
  200  17:54  Refinery  
  198  18:03  Marine  
  198  18:04  Marine  
  188  18:21  Marine x2  
  138  18:46  Marauder x4  
  138  18:47  Marine x2  
  117  19:03  Barracks Reactor  
  117  19:05  Marine x2  
  117  19:06  Thor x3  
  117  19:07  Marauder x4  
  145  19:13  SCV x5  
  150  19:21  Planetary Fortress  
  150  19:22  Marine  
  150  19:23  Marine  
  152  19:25  SCV x5  
  152  19:28  Marauder  
  152  19:29  Marauder x3  
  165  19:37  SCV x4  
  169  19:40  Marine  
  169  19:41  Marine  
  169  19:42  Medivac  
  173  19:48  Starport  
  173  19:50  Marauder x4  
  197  20:17  Refinery  
  197  20:20  Refinery  
Tags
 
Add a new tag
Caveats
  • Supply blocks, unpowered buildings, or Contaminate may cause inaccurate times.
  • Supply counts are checked every 10 seconds.